 Dungeon Crawl Stone Soup version 0.27.1-4-g1640c2035a (webtiles) character file.

Game seed: 1018982689127628304

17561 jjjjhere the Frost Mage (level 10, -3/72 HPs)
             Began as a Merfolk Ice Elementalist on Nov 12, 2021.
             Was an Elder of Ru.
             Slain by a boulder beetle (23 damage)
             ... on level 2 of the Lair of Beasts.
             The game lasted 00:59:00 (19516 turns).

jjjjhere the Frost Mage (Merfolk Ice Elementalist) Turns: 19516, Time: 00:59:01

Health: -3/72      AC: 10    Str:  9    XL:     10   Next: 49%
Magic:  10/24      EV: 19    Int: 18    God:    Ru [****..]
Gold:   607        SH:  5    Dex: 17    Spells: 13/29 levels left

rFire    . . .     SeeInvis .   g - +11 spear of Liqosten {vorpal, rN+}
rCold    + . .     Faith    .   t - +0 buckler
rNeg     + + .     Spirit   .   p - +2 robe {Will+}
rPois    .         Reflect  .   (no helmet)
rElec    .         Harm     .   y - +0 cloak
rCorr    .         Rampage  .   j - +1 pair of gloves
Will     +....                  D - +2 pair of boots
Stlth    ++........             (no amulet)
HPRegen  0.22/turn              B - ring of Greed {rC+ rN+ Dex+3 Slay+3}
MPRegen  0.19/turn              i - +4 ring of evasion

@: no status effects
A: inability to use devices, inexperienced 1, (nimble swimmer 2), mertail
a: Renounce Religion, Draw Out Power, Power Leap


You were on level 2 of the Lair of Beasts.
You worshipped Ru.
Ru was greatly pleased with you.
You visited 3 branches of the dungeon, and saw 13 of its levels.

You collected 607 gold pieces.

Inventory:

Hand Weapons
 g - the +11 spear of Liqosten (weapon) {vorpal, rN+}
   (You found it on level 2 of the Lair of Beasts)

   It inflicts extra damage upon your enemies.
   rN:        It protects you from negative energy.
 l - a +0 hunting sling
 u - a +2 vorpal halberd
Missiles
 c - 175 stones
 A - 3 throwing nets
Armour
 d - a +0 kite shield
 f - a scarf of shadows
 j - a +1 pair of gloves (worn)
 p - a +2 robe of willpower (worn)
 t - a +0 buckler (worn)
 y - a +0 cloak (worn)
 D - a +2 pair of boots (worn)
Jewellery
 i - a +4 ring of evasion (right hand)
 k - a ring of poison resistance
 m - a +6 ring of strength
 q - a ring of willpower
 B - the ring of Greed (left hand) {rC+ rN+ Dex+3 Slay+3}
   (You took it off an orc on level 7 of the Dungeon)

   [ring of protection from cold]

   Dex:       It affects your dexterity (+3).
   Slay:      It affects your accuracy & damage with ranged weapons and melee
   (+3).
   rC:        It protects you from cold.
   rN:        It protects you from negative energy.
 H - an amulet of guardian spirit
Scrolls
 b - 3 scrolls of blinking
 e - a scroll of magic mapping
 n - 3 scrolls of amnesia
 o - a scroll of holy word
 w - 2 scrolls of teleportation
 z - a scroll of vulnerability
 G - a scroll of brand weapon
Potions
 a - 2 potions of mutation
 h - 2 potions of curing
 r - 3 potions of brilliance
 s - a potion of invisibility
 v - a potion of haste
 x - 3 potions of attraction
 C - a potion of ambrosia
 E - 4 potions of flight
 I - a potion of cancellation


   Skills:
 + Level 4.2 Fighting
 - Level 11.0 Polearms
 + Level 5.9 Dodging
 - Level 2.1 Stealth
 - Level 4.0 Shields
 + Level 10.2 Spellcasting
 - Level 5.7 Conjurations
 + Level 12.9 Ice Magic


You had 13 spell levels left.
You knew the following spells:

 Your Spells              Type           Power      Damage    Failure   Level
a - Freeze                Ice            100%       1d11      1%          1
b - Frozen Ramparts       Ice            100%       1d12      1%          3
c - Hailstorm             Conj/Ice       42%        3d10      1%          4
d - Sandblast             Erth           18%        2d7       8%          1
e - Foxfire               Conj/Fire      76%        2x1d7     2%          1
f - Searing Ray           Conj           58%        3d5       1%          2
g - Summon Ice Beast      Ice/Summ       32%        N/A       5%          4

Your spell library contained the following spells:

 Spells                   Type           Power      Damage    Failure   Level
 Magic Dart               Conj           100%       1d8       1%          1
 Ozocubu's Armour         Ice            54%        N/A       1%          3
 Shock                    Conj/Air       76%        1d7       2%          1
 Ice Form                 Ice/Tmut       32%        N/A       5%          4
 Conjure Flame            Conj/Fire      19%        6-21      7%          3
 Stone Arrow              Conj/Erth      38%        3d9       7%          3
 Passwall                 Tmut/Erth      7%         N/A       12%         2
 Iskenderun's Battlesphe  Conj           29%        2d8       21%         5
 Call Canine Familiar     Summ           9%         N/A       24%         3
 Ignite Poison            Fire/Tmut/Pois 9%         N/A       24%         3
 Inner Flame              Hex/Fire       9%         N/A       24%         3
 Portal Projectile        Hex/Tloc       18%        N/A       24%         3
 Swiftness                Air            9%         N/A       24%         3
 Vampiric Draining        Necr           4%         2d6       24%         3
 Fulminant Prism          Conj/Hex       9%         3d7       24%         4
 Animate Dead             Necr           4%         N/A       61%         4
 Leda's Liquefaction      Hex/Erth       4%         N/A       61%         4
 Summon Lightning Spire   Summ/Air       9%         N/A       61%         4
 Bolt of Magma            Conj/Fire/Erth 8%         4d6       69%         5
 Blade Hands              Tmut           4%         N/A       91%         5
 Borgnjor's Vile Clutch   Necr/Erth      4%         N/A       91%         5
 Excruciating Wounds      Necr           4%         N/A       91%         5
 Lee's Rapid Deconstruct  Erth           4%         3d6*      91%         5
 Iron Shot                Conj/Erth      9%         9d3       98%         6
 Orb of Destruction       Conj           14%        9d7       99%         7
 Death Channel            Necr           4%         N/A       100%        6
 Invisibility             Hex            4%         N/A       100%        6
 Spellforged Servitor     Conj/Summ      9%         N/A       100%        7
 Storm Form               Tmut/Air       4%         N/A       100%        7
 Borgnjor's Revivificati  Necr           4%         N/A       100%        8
 Maxwell's Capacitive Co  Air            4%         ∞         100%        8
 Chain Lightning          Conj/Air       9%         3d12      100%        9
 Shatter                  Erth           4%         3d8*      100%        9


Dungeon Overview and Level Annotations

Branches:
Dungeon (10/15)            Temple (1/1) D:6            Lair (2/6) D:8
  Swamp: Lair:2-4    Shoals: Lair:2-4     Snake: Lair:2-4    Spider: Lair:2-4
    Orc: D:9-12

Altars:
Ashenzari
Cheibriados
Dithmenos
Elyvilon
Fedhas
Gozag
Hepliaklqana
Kikubaaqudgha
Makhleb
Nemelex Xobeh
Okawaru
Qazlal
Ru
Sif Muna
Trog
Uskayaw
Vehumet
Wu Jian
Xom
Yredelemnul
Zin
The Shining One

Shops:
D:2 =!*   D:7 :

Annotations:
D:6 1 transporter, pkoi's ghost, novice MiFi
Lair:2 2 transporters, Asuta's ghost, journeyman HOBe


Innate Abilities, Weirdness & Mutations

You cannot study or use magical devices.
You are somewhat inexperienced. (-2 XL)
((You are quick and stealthy near water. (Stealth+, EV+, Speed+++)))
Your lower body shifts to a powerful aquatic tail in water.


Message History

What are your orders? t - Shout!
Orders for allies: a - Attack new target. r - Retreat! s - Stop attacking. g - Guard the area. f - Follow me.
Anything else - Cancel.
Gang up on whom?
Press: ? - help, Dir - move target, f - boulder beetle
Aim: a boulder beetle (lightly wounded, ally target) Attack!
The boulder beetle bites your ice beast!
Your ice beast hits the boulder beetle but does no damage.
Your ice beast hits the boulder beetle but does no damage.
You redirect the boulder beetle's attack!
The boulder beetle bites your ice beast!!
Your ice beast dies!
Your ice beast hits the boulder beetle but does no damage.
Your ice beast hits the boulder beetle but does no damage.
The boulder beetle bites your ice beast.
Your ice beast hits the boulder beetle.
Your ice beast freezes the boulder beetle!
Your ice beast hits the boulder beetle.
Your ice beast freezes the boulder beetle.
The boulder beetle curls into a ball and begins rolling!
Your ice beast hits the boulder beetle but does no damage.
Your ice beast barely misses the boulder beetle.
Casting: Summon Ice Beast (dangerous; 5% risk of failure)
Confirm with . or Enter, or press ? or * to list all spells.
A chill wind blows around you.
The boulder beetle is stunned by your conviction and fails to attack.
Your ice beast hits the boulder beetle but does no damage. x2
The boulder beetle hits you!!!
Ouch! That really hurt!
* * * LOW HITPOINT WARNING * * *
The boulder beetle stops rolling and uncurls.
Your ice beast hits the boulder beetle but does no damage. x2
You swap places.
Your ice beast hits the boulder beetle but does no damage.
The boulder beetle bites you!!
You die...

#......###.....#P##(.#........#
###..P.##..Y......#######.....##
.##.....#.........# ##..###
###.#.......Y##...# ####......#
##..#........#######..#......##
#............# .P....#...#
.....##.....#######...#.#.##.#
......#.....##.##.......## .#
#.#.###......#.Y@......## ..
###............BY..)...P# .##
##...........P..Y........
>...................P#..
......###.......P##### #
...##.##.##.....##
......#.#......##
....^........###
.........(..[..#


You could see a boulder beetle (ally target) and 3 friendly ice beasts.

Vanquished Creatures
  Erolcha (D:9)
  A hydra (D:8)
  A two-headed ogre (D:6)
  4 elephants
  A black mamba (Lair:2)
  8 cane toads
  A rime drake (Lair:1)
  A troll (D:9)
  A polar bear (Lair:1)
  A hornet (shapeshifter) (D:10)
  Grinder (D:6)
  Prince Ribbit (D:8)
  8 yaks
  A shadow (D:9)
  An acid dragon (D:6)
  5 water moccasins
  A black bear (D:6)
  2 necrophages (D:7)
  5 orc warriors
  41 wolves
  2 centaurs
  An ogre (D:6)
  2 phantoms
  3 kobold brigands
  Blork the orc (D:4)
  2 bullfrogs
  4 scorpions
  2 wyvern skeletons
  4 wights
  8 killer bees
  A water moccasin skeleton (D:6)
  A howler monkey (D:9)
  5 centaur zombies
  3 bullfrog zombies (D:5)
  3 hounds (D:6)
  A jelly (D:5)
  A bullfrog skeleton (D:5)
  A centaur skeleton (D:6)
  4 orc priests
  4 iguanas
  2 gnoll shamans
  Ijyb (D:3)
  11 orc wizards
  A hound skeleton (D:4)
  A howler monkey zombie (D:9)
  9 adders
  5 gnolls (D:4)
  A howler monkey skeleton (D:6)
  2 shadow imps (D:5)
  2 white imps
  2 ufetubi
  An adder skeleton (D:4)
  5 dart slugs
  28 orcs
  12 bats
  8 endoplasms
  7 giant cockroaches
  8 goblins
  10 hobgoblins
  4 jackals (D:3)
  2 quokkas
  12 ball pythons
  A frilled lizard (D:2)
  19 kobolds
  3 rats
296 creatures vanquished.

Vanquished Creatures (collateral kills)
  Harold (Lair:1)
  An elephant (Lair:2)
  A komodo dragon (D:8)
  A rime drake (Lair:1)
  A yak (D:8)
  An acid dragon (D:8)
  A water moccasin (D:9)
  An orc warrior (D:9)
  6 wolves
  A bullfrog (Lair:1)
  4 killer bees (D:8)
  A centaur zombie (D:9)
  An orc priest (D:9)
  A howler monkey zombie (D:9)
  2 orcs
  2 kobolds (D:8)
26 creatures vanquished.

Vanquished Creatures (others)
  A black bear (Lair:2)
  99 foxfires
  18 fungi
  59 plants
177 creatures vanquished.

Grand Total: 499 creatures vanquished

Notes
Turn   | Place    | Note
-------+----------+-------------------------------------------
     0 | D:1      | jjjjhere the Merfolk Ice Elementalist began the quest for
                  | the Orb.
     0 | D:1      | Reached XP level 1. HP: 13/13 MP: 3/3
   302 | D:1      | Reached XP level 2. HP: 19/19 MP: 3/5
   664 | D:1      | Found a faded altar of an unknown god.
   805 | D:1      | Reached skill level 5 in Ice Magic
   892 | D:1      | Reached XP level 3. HP: 20/24 MP: 3/6
   970 | D:1      | Learned a level 3 spell: Frozen Ramparts
  1571 | D:2      | Reached skill level 1 in Polearms
  1629 | D:2      | Found a hazy altar of Hepliaklqana.
  1668 | D:2      | Reached XP level 4. HP: 27/30 MP: 3/7
  1755 | D:2      | Found Jiham's Jewellery Shop.
  1980 | D:2      | Found Ozxefy's General Store.
  1981 | D:2      | Found Zatroeh's Distillery.
  2073 | D:2      | Found Zuebekuu's General Store.
  2318 | D:3      | Noticed Ijyb
  2328 | D:3      | Killed Ijyb
  2329 | D:3      | Reached XP level 5. HP: 28/35 MP: 5/9
  2417 | D:3      | Reached skill level 6 in Ice Magic
  2941 | D:4      | Noticed Blork the orc
  3088 | D:4      | Found a bloodstained altar of Trog.
  3124 | D:4      | Found an ancient bone altar of Kikubaaqudgha.
  3129 | D:4      | Reached XP level 6. HP: 14/41 MP: 4/10
  3439 | D:4      | Learned a level 4 spell: Hailstorm
  4249 | D:4      | Killed Blork the orc
  4289 | D:5      | Entered Level 5 of the Dungeon
  4476 | D:5      | HP: 12/40 [wight (4)]
  4961 | D:4      | Learned a level 1 spell: Sandblast
  4994 | D:5      | Reached skill level 7 in Ice Magic
  4994 | D:5      | Reached XP level 7. HP: 37/46 MP: 3/12
  5249 | D:3      | Learned a level 1 spell: Foxfire
  5252 | D:3      | Learned a level 2 spell: Searing Ray
  5426 | D:5      | Noticed a yak
  5426 | D:5      | Noticed a yak
  5443 | D:4      | Killed a yak
  5444 | D:4      | Reached skill level 1 in Conjurations
  6039 | D:5      | Found a snail-covered altar of Cheibriados.
  6041 | D:5      | Got the Reference Book on Attacks and Stolen Souls
  6076 | D:5      | Reached XP level 8. HP: 51/52 MP: 12/15
  6203 | D:4      | Killed a yak
  6297 | D:5      | Reached skill level 5 in Spellcasting
  6312 | D:5      | Reached skill level 8 in Ice Magic
  7641 | D:6      | Noticed pkoi's ghost (novice MiFi)
  7644 | D:6      | Found a transporter.
  7909 | D:6      | Reached XP level 9. HP: 37/57 MP: 6/18
  7984 | D:6      | Reached skill level 9 in Ice Magic
  8233 | D:6      | Found a burning altar of Makhleb.
  8233 | D:6      | Found a glowing silver altar of Zin.
  8284 | D:6      | Noticed an angel
  8284 | D:6      | Noticed a cacodemon
  8541 | D:6      | Noticed a two-headed ogre
  8547 | D:6      | Killed a two-headed ogre
  8661 | D:6      | Noticed Grinder
  8805 | D:6      | Learned a level 4 spell: Summon Ice Beast
  9202 | D:6      | Killed Grinder
  9203 | D:6      | Reached skill level 5 in Conjurations
  9427 | D:6      | Found a staircase to the Ecumenical Temple.
  9446 | Temple   | Entered the Ecumenical Temple
  9648 | Temple   | Became a worshipper of Ru the Awakened
  9792 | D:6      | Identified the +7 great mace "Zoicoiwn" {vorpal, +Rage rN+}
  9792 | D:6      | Noticed a two-headed ogre
 10019 | D:7      | Reached skill level 10 in Ice Magic
 10300 | D:7      | Reached XP level 10. HP: 47/63 MP: 9/21
 10398 | D:7      | Found a stormy altar of Qazlal.
 10447 | D:7      | Identified the ring of Greed {rC+ rN+ Dex+3 Slay+3}
 10679 | D:7      | Found Emania's Book Shop.
 11311 | D:8      | Noticed Prince Ribbit
 11332 | D:8      | Killed Prince Ribbit
 11541 | D:8      | Reached skill level 5 in Polearms
 11612 | D:8      | Gained mutation: You cannot study or use magical devices.
                  | [Ru sacrifice]
 11612 | D:8      | Reached * piety under Ru
 11612 | D:8      | Reached ** piety under Ru
 11749 | D:8      | Got Sif Muna's Incunabulum of Intoxication and Combat Magic
 11816 | D:8      | HP: 19/63 [asphyx]
 11820 | D:8      | HP: 8/63 [poisoned by a kobold brigand (curare-tipped
                  | dart)]
 12194 | D:8      | Reached skill level 11 in Ice Magic
 12490 | D:8      | Found a staircase to the Lair.
 12671 | Lair:1   | Entered Level 1 of the Lair of Beasts
 12671 | Lair:1   | Noticed an eight-headed hydra
 13002 | D:9      | Reached XP level 11. HP: 43/68 MP: 7/23
 13139 | D:9      | Noticed Erolcha
 13176 | D:9      | Killed Erolcha
 13883 | D:9      | Reached skill level 10 in Polearms
 14129 | D:10     | Entered Level 10 of the Dungeon
 14663 | D:10     | Noticed a tengu warrior
 14944 | D:8      | Killed an eight-headed hydra
 15710 | D:8      | HP: 20/68 [wolf (7)]
 15717 | D:8      | HP: 16/69 [wolf (8)]
 15981 | D:8      | Reached skill level 1 in Fighting
 16286 | D:8      | Reached skill level 12 in Ice Magic
 16486 | D:8      | Gained mutation: You are somewhat inexperienced. (-2 XL)
                  | [Ru sacrifice]
 16486 | D:8      | Reached XP level 10. HP: 67/67 MP: 23/23
 16486 | D:8      | Reached XP level 9. HP: 61/61 MP: 22/22
 16486 | D:8      | Reached *** piety under Ru
 16486 | D:8      | Reached **** piety under Ru
 17080 | Lair:1   | Reached skill level 1 in Shields
 17172 | Lair:1   | Reached XP level 10. HP: 70/70 MP: 17/23
 17843 | Lair:1   | Noticed Harold
 17864 | Lair:1   | Killed Harold
 18184 | Lair:2   | Identified the +11 spear of Liqosten {vorpal, rN+}
 18427 | Lair:1   | Reached skill level 10 in Spellcasting
 18554 | Lair:2   | Reached skill level 5 in Dodging
 19068 | Lair:2   | HP: 20/71 [cane toad (11)]
 19120 | Lair:2   | HP: 3/72 [komodo dragon (28)]
 19465 | Lair:2   | Found a transporter.
 19467 | Lair:2   | Found a transporter.
 19467 | Lair:2   | Noticed Asuta's ghost (journeyman HOBe)
 19501 | Lair:2   | Noticed a boulder beetle
 19515 | Lair:2   | HP: 19/72 [boulder beetle (53)]
 19516 | Lair:2   | Slain by a boulder beetle

Illustrated notes

Levels and vault maps discovered:
D:1:      dpeg_arrival_three_same_balls, layout_basic,
          chequers_ecumenical_altar_grove, kennysheep_another_room,
          interstate_on_off, roderic_lattice_a
D:2:      layout_rooms, serial_shops, nicolae_shop_competitors_out_of_business,
          shop, shop, nicolae_lakefront_shop, basic_altar,
          minmay_worlds_worst_comb
D:3:      layout_basic, hex_medium, serial_bayou_pond_d,
          minmay_shallow_snake_nest, uniq_ijyb
D:4:      layout_loops_ring, nicolae_kikubaaqudgha_miasma_corner,
          mainiacjoe_overflow_alcove_2, uniq_blork_the_orc
D:5:      cheibrodos_fzero, layout_cave_pools, mainiacjoe_overflow_alcove_1
D:6:      minmay_opposing_rooms, layout_layer_cave,
          grunt_temple_overflow_order_and_chaos_2,
          minmay_temple_entry_glassed_door, gammafunk_ghost_smash, uniq_grinder
D:7:      layout_loops_ring, lemuel_tele_altar, serial_shops, nicolae_shop_stone
D:8:      layout_gridville, david_lair_shrubbed, uniq_prince_ribbit1
D:9:      kennysheep_ambush_hall, layout_irregular_city, uniq_erolcha
D:10:     layout_stronghold, kennysheep_generic_room_16
Temple:   eino_temple_scatter_basement
Lair:1:   layout_gridlike, grunt_forest_large_clearings, uniq_harold
Lair:2:   layout_misc_corridors, gammafunk_ghost_hive

Skill      XL: |  1  2  3  4  5  6  7  8  9 10 11 |
---------------+----------------------------------+-----
Ice Magic      | 5 6 7 8 10 11 12 | 12.9
Polearms       | 1 2 3 4 9 11 | 11.0
Spellcasting   | 3 4 6 7 10 9 | 10.2
Conjurations   | 1 3 5 |  5.7
Fighting       | 3 4 1 |  4.2
Dodging        | 4 5 3 |  5.9
Shields        | 2 4 |  4.0
Stealth        | |  2.1

Action                   |  1- 3 |  4- 6 |  7- 9 | 10-12 || total
-------------------------+-------+-------+-------+-------++-------
Melee: Dagger            |     4 |       |       |       ||     4
       Spear             |    30 |   106 |     9 |    44 ||   189
 Cast: Freeze            |    41 |    12 |    27 |    19 ||    99
       Frozen Ramparts   |     2 |    20 |    30 |    57 ||   109
       Sandblast         |       |     8 |     8 |       ||    16
       Hailstorm         |       |     1 |     3 |     2 ||     6
       Foxfire           |       |       |    47 |     9 ||    56
       Searing Ray       |       |       |    47 |    37 ||    84
       Summon Ice Beast  |       |       |     9 |    56 ||    65
Invok: Sacrifice Experie |       |       |     1 |       ||     1
       Power Leap        |       |       |       |     1 ||     1
       Sacrifice Artific |       |       |       |     1 ||     1
  Use: Scroll            |       |    11 |     6 |    11 ||    28
       Potion            |       |     1 |       |     2 ||     3
 Stab: Sleeping          |     2 |     9 |       |       ||    11
Armor: Robe              |    18 |    18 |    30 |   110 ||   176
Dodge: Dodged            |    49 |    88 |   146 |   332 ||   615
Block: Buckler           |       |       |     5 |    14 ||    19
